 Dungeon Crawl Stone Soup version 0.29.1-12-g30fa7ad0bf (webtiles) character file.

Game seed: 14404697147903449762

94 suipiss the Grave Robber (level 4, 0/30 HPs)
             Began as a Demonspawn Necromancer on Jan 12, 2023.
             Slain by an orc
             ... wielding a +0 trident
              (4 damage)
             ... on level 3 of the Dungeon.
             The game lasted 00:03:52 (3082 turns).

suipiss the Grave Robber (Demonspawn Necromancer)   Turns: 3082, Time: 00:03:53

Health: 0/30       AC:  6    Str:  8    XL:     4   Next: 38%
Magic:  3/9        EV: 12    Int: 19    God:
Gold:   1180       SH:  0    Dex: 15    Spells: 5/9 levels left

rFire   . . .      SeeInvis .   m - +8 long sword "Ultimatum" {protect, rElec Will+ Dex+2}
rCold   . . .      Faith    .   (no shield)
rNeg    . . .      Spirit   .   a - +1 robe
rPois   .          Reflect  .   (helmet restricted)
rElec   +          Harm     .   (no cloak)
rCorr   .          Rampage  .   i - +2 pair of gloves
Will    +....                   (no boots)
Stlth   ++........              (no amulet)
HPRegen 0.10/turn               (no ring)
MPRegen 0.11/turn               (no ring)

@: attractive
A: horns 1, demonic guardian 1
a: no special abilities


You were on level 3 of the Dungeon.
You visited 1 branch of the dungeon, and saw 3 of its levels.

You collected 1180 gold pieces.

Inventory:

Hand Weapons
 d - a +1 whip
 m - the +8 long sword "Ultimatum" (weapon) {protect, rElec Will+ Dex+2}
   (You found it on level 2 of the Dungeon)

   It grants its wielder temporary protection when it strikes (+7 to AC).
   Dex:       It affects your dexterity (+2).
   rElec:     It insulates you from electricity.
   Will:      It increases your willpower.
Armour
 a - a +1 robe (worn)
 i - a +2 pair of gloves (worn)
Jewellery
 e - an amulet of the acrobat
 s - the ring "Tiocoosu" {rF+ EV+4}
   (You found it on level 3 of the Dungeon)

   [ring of evasion]

   EV:        It affects your evasion (+4).
   rF:        It protects you from fire.
Scrolls
 l - 2 scrolls of teleportation
Potions
 c - a potion of heal wounds {unknown}
 g - a potion of lignification {unknown}
 q - a potion of attraction


   Skills:
 - Level 1.7 Dodging
 - Level 1.7 Stealth
 * Level 3.3 Spellcasting
 * Level 5.5 Necromancy


You had 5 spell levels left.
You knew the following spells:

 Your Spells              Type           Power      Damage    Failure   Level
a - Necrotise             Necr           96%        1d8       1%          1
b - Vampiric Draining     Necr           24%        2d7       4%          3

Your spell library contained the following spells:

 Spells                   Type           Power      Damage    Failure   Level
 Slow                     Hex            12%        N/A       14%         1
 Animate Dead             Necr           24%        N/A       16%         4
 Agony                    Necr           24%        N/A       38%         5
 Confusing Touch          Hex            3%         N/A       41%         3
 Hailstorm                Conj/Ice       3%         3d3       82%         4
 Ice Form                 Ice/Tmut       3%         N/A       82%         4
 Simulacrum               Ice/Necr       6%         N/A       100%        6


Dungeon Overview and Level Annotations

Branches:
Dungeon (3/15)

Altars:

Shops:
D:1 ?(


Innate Abilities, Weirdness & Mutations

You have a pair of small horns on your head.
A weak demonic guardian rushes to your aid.


Message History

You completely miss the orc. Your headbutt misses the orc.
The orc hits you with a +0 flail. The orc hits you but does no damage. x2
You are too injured to fight recklessly!
You are too injured to fight recklessly!
You aren't carrying any items that you can evoke.
The orc attacks as you move away! The orc hits you with a +0 flail.
* * * LOW HITPOINT WARNING * * *
Casting: Vampiric Draining (dangerous; 4% risk of failure)
Confirm with . or Enter, or press ? or * to list all spells.
You don't have enough magic to cast this spell.
Okay, then.
It was a potion of attraction.
You feel attractive to monsters. The orc barely misses you.
The orc closely misses you. Magic courses through your body.
The orc misses you.
The orc hits you from afar with a +0 trident.
* * * LOW HITPOINT WARNING * * *
A demonic guardian appears!
Casting: Vampiric Draining (dangerous; 4% risk of failure)
Confirm with . or Enter, or press ? or * to list all spells.
Aiming: Vampiric Draining (dangerous; 4% risk of failure)
Press: ? - help, Shift-Dir - straight line, f - orc
Aim: an orc, wielding a +0 flail and wearing a +0 leather armour (ally target)
You draw life force from the orc.
You feel life coursing into your body. The orc barely misses you.
The orc closely misses you.
The orc wizard gestures wildly while chanting.
The orc wizard flickers and vanishes!
Deactivating autopickup; reactivate with Ctrl-A.
Casting: Vampiric Draining (dangerous; 4% risk of failure)
Confirm with . or Enter, or press ? or * to list all spells.
Aiming: Vampiric Draining (dangerous; 4% risk of failure)
Press: ? - help, Shift-Dir - straight line, f/p - orc
Aim: an orc, wielding a +0 flail and wearing a +0 leather armour (almost dead, ally target)
You draw life force from the orc!
You kill the orc!
The orc barely misses you. The orc is attracted toward you.
Something is attracted toward you.
You swap places.
The orc hits you from afar with a +0 trident.
You die...

####### #.....# #.....#
#####################.....####
...>..)..ยง{o5@..........)....#
.###...##############.....##..
#..... #.....###. ....... #..
#.....# #. .#..... #.. #.....#
#. #[.... #....# #########.
#..... .###....#######....##.
#####+# .......#..........##.
#.# #.....#.###.#....##.


You could see an orc (ally target) and a friendly shadow imp (summoned).

Vanquished Creatures
  An orc priest (D:3)
  Jessica (D:3)
  An adder (D:2)
  An orc (D:3)
  6 bats
  3 endoplasms
  A goblin (D:3)
  2 hobgoblins
  2 ball pythons
  4 frilled lizards
  6 kobolds
  4 rats
32 creatures vanquished.

Vanquished Creatures (collateral kills)
  A worm (D:2)
1 creature vanquished.

Grand Total: 33 creatures vanquished

Notes
Turn   | Place    | Note
-------+----------+-------------------------------------------
     0 | D:1      | suipiss the Demonspawn Necromancer began the quest for the
                  | Orb.
     0 | D:1      | Reached XP level 1. HP: 13/13 MP: 3/3
    52 | D:1      | Found Ytea's Magic Scroll Shoppe.
   123 | D:1      | Found Estita's Weapon Emporium.
   580 | D:1      | Found a faded altar of an unknown god.
   877 | D:1      | Gained mutation: A weak demonic guardian rushes to your
                  | aid. [demonic ancestry]
   877 | D:1      | Reached XP level 2. HP: 6/19 MP: 3/5
  1831 | D:2      | Identified the +8 long sword "Ultimatum" {protect, rElec
                  | Will+ Dex+2}
  2243 | D:2      | Gained mutation: You have a pair of small horns on your
                  | head. [demonic ancestry]
  2243 | D:2      | Reached XP level 3. HP: 24/24 MP: 7/7
  2247 | D:2      | Learned a level 3 spell: Vampiric Draining
  2279 | D:2      | Reached skill level 5 in Necromancy
  2762 | D:3      | Identified the ring "Tiocoosu" {rF+ EV+4}
  2814 | D:3      | Identified a scroll of acquirement
  2814 | D:3      | Acquired 1061 gold pieces
  3046 | D:3      | Noticed Jessica
  3050 | D:3      | Killed Jessica
  3072 | D:3      | Reached XP level 4. HP: 18/30 MP: 0/9
  3079 | D:3      | HP: 1/30 [orc/+0 trident (6)]
  3082 | D:3      | Slain by an orc

Illustrated notes

Levels and vault maps discovered:
D:1:      psy_arrival_statuary, layout_basic, serial_shops,
          nicolae_shop_bloodbath_and_beyond, shop,
          hellmonk_ecumenical_altar_heavens_door
D:2:      layout_basic, corexii_leaking_fountain
D:3:      layout_basic, uniq_jessica

Skill      XL: |  1  2  3 |
---------------+----------+-----
Necromancy     | 5 |  5.5
Spellcasting   | 3 |  3.3
Dodging        | |  1.7
Stealth        | |  1.7

Action                   |  1- 3 |  4- 6 || total
-------------------------+-------+-------++-------
Melee: Whip              |    39 |       ||    39
       Long sword        |    23 |     1 ||    24
       Headbutt          |     1 |       ||     1
 Cast: Necrotise         |    13 |       ||    13
       Vampiric Draining |     2 |     2 ||     4
  Use: Scroll            |    10 |       ||    10
       Potion            |       |     2 ||     2
 Stab: Sleeping          |     6 |       ||     6
Armor: Robe              |    23 |     2 ||    25
Dodge: Dodged            |    39 |     6 ||    45
